 Dungeon Crawl Stone Soup version 0.31-a0-237-g2d982f9f85 (webtiles) character file.

Game seed: 15630660973104405606

147 qw the Shooter (level 5, -2/41 HPs)
             Began as a Minotaur Hexslinger on July 10, 2023.
             Slain by Sigmund
             ... wielding a +0 scythe
              (4 damage)
             ... on level 4 of the Dungeon.
             The game lasted 00:01:04 (2641 turns).

qw the Shooter (Minotaur Hexslinger)                Turns: 2641, Time: 00:01:04

Health: -2/41      AC:  8    Str: 12      XL:     5   Next: 8%
Magic:  5/5        EV: 11    Int:  8 (10) God:
Gold:   235        SH:  0    Dex: 14 (15) Spells: 5/6 levels left

rFire   . . .        Y - +1 sling
rCold   . . .        (no shield)
rNeg    . . .        g - +0 ring mail
rPois   .            (helmet restricted)
rElec   .            (no cloak)
rCorr   +            d - +2 pair of gloves
SInv    .            (no boots)
Will    +....        (no amulet)
Stlth   +            a - ring of resist corrosion
HPRegen 0.26/turn    i - ring of willpower
MPRegen 0.09/turn

%: no passive effects
@: no status effects
A: horns 2, retaliatory headbutt
a: no special abilities


You were on level 4 of the Dungeon.
You visited 1 branch of the dungeon, and saw 4 of its levels.

You collected 235 gold pieces.


Innate Abilities, Weirdness & Mutations

You have a pair of horns on your head.
You reflexively headbutt those who attack you in melee.


   Skills:
 + Level 2.0 Fighting
 - Level 5.5 Ranged Weapons
 - Level 1.0 Armour
 - Level 2.1 Dodging
 - Level 1.0 Spellcasting
 - Level 2.0 Hexes


You had 5 spell levels left.
You knew the following spells:

 Your Spells              Type           Power      Damage    Failure   Level
a - Slow                  Hex            12%        N/A       36%         1

Your spell library contained the following spells:

 Spells                   Type           Power      Damage    Failure   Level
 Inner Flame              Hex/Fire       2%         N/A       87%         3
 Portal Projectile        Hex/Tloc       4%         N/A       87%         3
 Cause Fear               Hex            1%         N/A       98%         4

Inventory:

Hand Weapons
 Y - a +1 sling (weapon)
Armour
 d - a +2 pair of gloves (worn)
 g - a +0 ring mail (worn)
Jewellery
 a - a ring of resist corrosion (left hand)
 i - a ring of willpower (right hand)
Scrolls
 f - a scroll of teleportation
 j - a scroll of identify
Potions
 b - a potion of might {unknown}
 c - a potion of resistance {unknown}
 e - a potion of magic {unknown}
 h - a potion of curing {unknown}

Dungeon Overview and Level Annotations

Branches:
Dungeon (4/15)
 Temple: D:4-7

Altars:
Cheibriados

Annotations:
D:4 Sigmund


Message History

Something hits you!
You shoot a sling bullet. Something hits you.
You shoot a sling bullet. Something hits you but does no damage.
You shoot a sling bullet. Something hits you!
You shoot a sling bullet. You shoot a sling bullet.
Something hits you but does no damage.
You shoot a sling bullet. Something hits you.
You shoot a sling bullet. Something hits you.
You shoot a sling bullet. Something hits you!
You shoot a sling bullet. Something hits you but does no damage.
You shoot a sling bullet. You shoot a sling bullet.
You hear some strange, mumbled words.
A puff of flame appears from out of thin air!
The puff of flame misses you. Something hits you!
You shoot a sling bullet. You shoot a sling bullet.
You hear some strange, mumbled words.
Something tries to affect you, but you resist.
You shoot a sling bullet. Something hits you.
You shoot a sling bullet. Something hits you but does no damage.
You shoot a sling bullet. Something hits you.
You shoot a sling bullet.
You hear some strange, mumbled words.
A puff of flame appears from out of thin air!
The puff of flame misses you.
You shoot a sling bullet. Something hits you.
You die...

.....####........##
..................#
.....).<.###.....##
#.....<.## ##....##
#.....).# ##....#
#.......# #...##
##......#######{.#
.......##........##
.......# >......@.#
.......# .........#
.......#
..<.......#
..........#
..........#
..........#
..........#
..........#


There were no monsters in sight!

Vanquished Creatures
  A phantom (D:3)
  An adder (D:3)
  7 orcs (D:3)
  3 ball pythons
  6 bats
  5 endoplasms
  4 giant cockroaches
  4 goblins
  3 quokkas
  5 frilled lizards
  9 kobolds
  5 rats
53 creatures vanquished.

Notes
Turn   | Place    | Note
-------+----------+-------------------------------------------
     0 | D:1      | qw the Minotaur Hexslinger began the quest for the Orb.
     0 | D:1      | Reached XP level 1. HP: 16/16 MP: 1/1
     0 | D:1      | 0 ||| qw: Version: 0.3-a-52-g30416fa
     0 | D:1      | 0 ||| qw: Game counter: 5343
     0 | D:1      | 0 ||| qw: Melee chars always use a shield: true
     0 | D:1      | 0 ||| qw: God list: Okawaru
     0 | D:1      | 0 ||| qw: Allow faded altars: false
     0 | D:1      | 0 ||| qw: Do Orc after clearing Dungeon:15 true
     0 | D:1      | 0 ||| qw: Do second Lair branch before Depths: true
     0 | D:1      | 0 ||| qw: Lair rune preference: random
     0 | D:1      | 0 ||| qw: Goals: Normal
     0 | D:1      | 0 ||| PLANNING D:1-11
   162 | D:1      | Reached skill level 3 in Ranged Weapons
   211 | D:1      | Reached XP level 2. HP: 23/23 MP: 2/2
   769 | D:1      | 769 ||| UPGRADING to +0 leather armour.
   779 | D:1      | 779 ||| DROPPING +0 robe.
   780 | D:1      | 780 ||| UPGRADING to +0 ring mail.
   790 | D:1      | 790 ||| DROPPING +0 leather armour.
   791 | D:1      | 791 ||| READING 2 scrolls labelled VAONUF XUTOMU.
   792 | D:1      | 792 ||| READING scroll labelled OLEL GE CETALA.
   793 | D:1      | 793 ||| READING scroll labelled SAYC SIPSETTU.
   798 | D:1      | 798 ||| READING scroll labelled UNATOTS TINU.
   799 | D:1      | 799 ||| DROPPING scroll of amnesia.
   800 | D:1      | 800 ||| DROPPING scroll of poison.
  1050 | D:2      | Reached XP level 3. HP: 24/29 MP: 3/3
  1114 | D:2      | Found a snail-covered altar of Cheibriados.
  1277 | D:2      | 1277 ||| UPGRADING to +2 pair of gloves.
  1282 | D:2      | 1282 ||| UPGRADING to ring of resist corrosion.
  1283 | D:2      | 1283 ||| UPGRADING to ring of willpower.
  1474 | D:3      | Reached skill level 4 in Ranged Weapons
  1973 | D:3      | Reached skill level 1 in Armour
  2093 | D:3      | Reached XP level 4. HP: 36/36 MP: 4/4
  2249 | D:3      | 2249 ||| READING scroll labelled JEAN LIUZEUKU.
  2314 | D:3      | 2314 ||| DRINKING 2 murky white potions.
  2315 | D:3      | 2315 ||| DROPPING potion of degeneration.
  2343 | D:4      | Noticed Sigmund
  2346 | D:4      | 2346 ||| STAIRDANCE
  2364 | D:4      | Noticed a phantom
  2372 | D:4      | 2372 ||| STAIRDANCE
  2379 | D:3      | HP: 8/36 [phantom (4)]
  2380 | D:3      | 2380 ||| READING 3 scrolls of teleportation.
  2398 | D:3      | 2398 ||| FLEEEEING.
  2399 | D:3      | 2399 ||| FLEEEEING.
  2400 | D:3      | 2400 ||| FLEEEEING.
  2401 | D:3      | 2401 ||| FLEEEEING.
  2402 | D:3      | 2402 ||| FLEEEEING.
  2403 | D:3      | 2403 ||| FLEEEEING.
  2404 | D:3      | 2404 ||| FLEEEEING.
  2405 | D:3      | 2405 ||| FLEEEEING.
  2423 | D:3      | HP: 9/36 [phantom (2)]
  2424 | D:3      | 2424 ||| READING 2 scrolls of teleportation.
  2425 | D:3      | Killed a phantom
  2426 | D:3      | Reached skill level 5 in Ranged Weapons
  2426 | D:3      | Reached XP level 5. HP: 11/41 MP: 5/5
  2556 | D:4      | 2556 ||| STAIRDANCE
  2634 | D:4      | HP: 6/41 [something (8)]
  2639 | D:4      | HP: 1/41 [something (4)]
  2641 | D:4      | Slain by Sigmund

Levels and vault maps discovered:
D:1:      elethiomel_arrival_shortcut, layout_basic, minivault_24,
          dreamdust_wishing_well, serial_bayou_pond_e
D:2:      layout_rooms, minmay_hexomino_r4
D:3:      layout_basic
D:4:      layout_cave_pods, nicolae_ru_great_annihilating_truth,
          kennysheep_doodads, uniq_sigmund, uniq_pikel

Skill      XL: |  1  2  3  4 |
---------------+-------------+-----
Ranged Weapons | 3 4 5 |  5.5
Fighting       | 2 |  2.0
Armour         | 1 |  1.0
Dodging        | |  2.1
Spellcasting   | |  1.0
Hexes          | |  2.0

Action                     |  1- 3 |  4- 6 || total
---------------------------+-------+-------++-------
   Fire: Sling             |   175 |    69 ||   244
    Use: Scroll            |     4 |     3 ||     7
         Potion            |       |     1 ||     1
 Armour: Ring mail         |    36 |    20 ||    56
         Robe              |     4 |       ||     4
  Dodge: Dodged            |    39 |    22 ||    61

Table legend:
 A = Non-vault XP
 B = Vault XP
 C = Vault XP percentage of total XP
 D = Non-vault monster count
 E = Vault monster count
 F = Vault count percentage of total count
                 A         B        C        D         E       F
            +---------+---------+-------+---------+---------+-------
      Total |     205 |       6 |   2.8 |      49 |       4 |   7.5
            +---------+---------+-------+---------+---------+-------
        D:1 |      28 |       0 |   0.0 |      18 |       0 |   0.0
        D:2 |      16 |       6 |  27.3 |      11 |       4 |  26.7
        D:3 |     157 |       0 |   0.0 |      18 |       0 |   0.0
        D:4 |       4 |       0 |   0.0 |       2 |       0 |   0.0
            +---------+---------+-------+---------+---------+-------
